 Dungeon Sprint DCSS version 0.29.1-2-gbd0b4ee654 (webtiles) character file.

Game seed: 204452145845984226

59 Nerdsrcool the Marksminotaur (level 7, -35/68 HPs)
             Began as a Minotaur Hunter on Oct 14, 2022.
             Was a High Priest of Wu Jian.
             Killed by an exploding ball python simulacrum (43 damage)
             ... ignited by their inner flame
             ... in the Dungeon (Sprint VI: "Thunderdome") on Oct 24, 2022.
             The game lasted 00:21:25 (682 turns).

Nerdsrcool the Marksminotaur (Minotaur Hunter)       Turns: 682, Time: 00:21:26

Health: -35/68     AC:  0    Str: 16    XL:     7   Next: 78%
Magic:  0/6        EV: 14    Int:  6    God:    Wu Jian [*****.]
Gold:   77         SH:  0    Dex: 15    Spells: 3/6 levels left

rFire   . . .      SeeInvis +   n - +0 club
rCold   . . .      Faith    .   (no shield)
rNeg    . . .      Spirit   +   (no body armour)
rPois   .          Reflect  .   (helmet restricted)
rElec   .          Harm     .   (no cloak)
rCorr   .          Rampage  .   (no gloves)
Will    .....      NoTele   +   (no boots)
Stlth   ++........              p - amulet of Rourula {Spirit SInv}
HPRegen 0.21/turn               (no ring)
MPRegen 0.10/turn               (no ring)

@: no status effects
A: horns 2, retaliatory headbutt
a: Renounce Religion, Wall Jump, Serpent's Lash, Heavenly Storm


You were in the Dungeon.
You worshipped Wu Jian.
Wu Jian was extremely pleased with you.
You visited 1 branch You collected 290 gold pieces.
You spent 213 gold pieces at shops.

Inventory:

Hand Weapons
 a - a +0 shortbow
 j - a +0 dagger
 n - a +0 club (weapon)
 o - a +0 club
Missiles
 d - a curare-tipped dart
Armour
 c - a +0 leather armour
 i - a +0 troll leather armour {Pargi}
Jewellery
 p - the amulet of Rourula (around neck) {Spirit SInv}
   (You bought it in a shop in the Dungeon)

   [amulet of guardian spirit]

   It causes incoming damage to be divided between your reserves of health and
   magic.
   SInv:      It lets you see invisible.
Wands
 l - a wand of iceblast (1)
Scrolls
 m - 2 scrolls of butterflies
Potions
 f - a potion of haste
 g - 2 potions of magic
 h - a potion of berserk rage


   Skills:
 + Level 8.1 Fighting
 + Level 1.0 Maces & Flails
 + Level 15.1 Ranged Weapons
 + Level 6.0 Armour
 + Level 5.1 Dodging
 + Level 1.9 Stealth
 + Level 3.7 Evocations


You had 3 spell levels left.
You knew the following spells:

 Your Spells              Type           Power      Damage    Failure   Level
a - Teleport Other        Tloc           0%         N/A       83%         3

Your spell library contained the following spells:

 Spells                   Type           Power      Damage    Failure   Level
 Gell's Gravitas          Tloc           0%         N/A       83%         3
 Lesser Beckoning         Tloc           0%         N/A       83%         3


Dungeon Overview and Level Annotations

Branches:
Dungeon (1/1)

Altars:
Cheibriados
Dithmenos
Fedhas
Gozag
Kikubaaqudgha
Makhleb
Okawaru
Qazlal
Ru
Sif Muna
Trog
Uskayaw
Vehumet
Wu Jian
Xom
Yredelemnul
Zin
The Shining One
Lugonu

Shops:
D *[??*?*:[((!!!!


Innate Abilities, Weirdness & Mutations

You have a pair of horns on your head.
You reflexively headbutt those who attack you in melee.


Message History

You headbutt the rime drake.
The rime drake is lightly wounded.
The rime drake is engulfed in blazing flames.
Flame seeps out of the rime drake.
The rime drake bites you!
A quokka simulacrum comes into view.
You closely miss the rime drake. Your headbutt misses the rime drake.
The rime drake is heavily wounded.
The rime drake is engulfed in blazing flames.
Flame seeps out of the rime drake.
The rime drake misses you. The ball python simulacrum misses you.
The ball python simulacrum grabs you.
The ball python simulacrum constricts you.
The rime drake is engulfed in blazing flames.
The Council accepts your kill.
The rime drake explodes!
The fiery explosion engulfs you!!
* * * LOW HITPOINT WARNING * * *
Your Fighting skill increases to level 8!
Your Maces & Flails skill increases to level 1!
Your Ranged Weapons skill increases to level 15!
Your Armour skill increases to level 6!
Your Dodging skill increases to level 5!
You feel much better.
You are engulfed in blazing flames.
* * * LOW HITPOINT WARNING * * *
The ice encasing you melts away. The ball python simulacrum bites you.
* * * LOW HITPOINT WARNING * * *
The ball python simulacrum freezes you.
* * * LOW HITPOINT WARNING * * *
The ball python simulacrum constricts you.
* * * LOW HITPOINT WARNING * * *
Aiming: Iceblast
Press: ? - help, Q - select action, (/) - cycle Shift-Dir - straight line The mass of ice explodes!
The iceblast engulfs the ball python simulacrum!
The ball python simulacrum partially resists.
The Council accepts your kill.
The ball python simulacrum explodes!
The fiery explosion engulfs you!!!
Ouch! That really hurt!
You die...

###∩......÷.8.# #.8........∩
##.............###...........
#⌠..........###...###........
#⌠.....Z....# #.<.# #........
#⌠..........###...###........
##.............###...........
###∩.......§8§# #.8........∩
##∩_._...§.§###.......__∩#
######§8@§§......8.######
#§.§.........⌠#
###.........### #_......._#
#........_# #_......._#
#∩.......∩# ##∩.....∩##
##.....##


You could see a quokka simulacrum.

Vanquished Creatures
  2 rime drakes (D)
  Menkaure (D)
  Pargi (D)
  A kobold brigand (D)
  5 mummies (D)
  An adder simulacrum (D)
  A hobgoblin (D)
  A quokka (D)
  A ball python simulacrum (D)
  A giant cockroach simulacrum (D)
  2 kobolds (D)
  A quokka simulacrum (D)
  3 rats (D)
21 creatures vanquished.

Notes
Turn   | Place    | Note
-------+----------+-------------------------------------------
     0 | D        | Nerdsrcool the Minotaur Hunter began the quest for the Orb.
     0 | D        | Reached XP level 1. HP: 18/18 MP: 0/0
     0 | D        | Found a hide-covered altar of Uskayaw.
     1 | D        | Found an ornate altar of the Wu Jian Council.
     1 | D        | Found an opulent altar of Gozag.
     2 | D        | Found a basalt altar of Yredelemnul.
     2 | D        | Found a radiant altar of Vehumet.
     3 | D        | Found Wackih's Distillery.
     3 | D        | Found a glowing silver altar of Zin.
     3 | D        | Found Ephefiov's Do-It-Yourself Clinic.
     4 | D        | Found Beffuipe's Distillery.
     4 | D        | Found Enulaluko's Bottled Wisdom.
     5 | D        | Round 1.
    11 | D        | Became a worshipper of the Wu Jian Council
    20 | D        | Found a shimmering blue altar of Sif Muna.
    22 | D        | Found Rutopen's Staff Store.
    23 | D        | Found a blossoming altar of Fedhas.
    23 | D        | Found a shadowy altar of Dithmenos.
    23 | D        | Found Qeteos's Magic Scroll Shop.
    31 | D        | Noticed a kobold brigand
    42 | D        | Found a stormy altar of Qazlal.
    43 | D        | Found a sacrificial altar of Ru.
    43 | D        | Found a snail-covered altar of Cheibriados.
    43 | D        | Found a glowing golden altar of the Shining One.
    43 | D        | Found an iron altar of Okawaru.
    43 | D        | Found Ratt's Weapon Rack.
    43 | D        | Found Huatrun's Premium Goods.
    43 | D        | Found Uhergherch's Basic Armour.
    43 | D        | Found Tast's Miscellaneous Merchandise.
    46 | D        | Found an ancient bone altar of Kikubaaqudgha.
    51 | D        | Found Caroniwn's Advanced Armour.
    51 | D        | Found a corrupted altar of Lugonu.
    51 | D        | Found Raoloynla's Identification Station.
    51 | D        | Found Foimyuj's Jewellery.
    51 | D        | Found a bloodstained altar of Trog.
    51 | D        | Found a burning altar of Makhleb.
    51 | D        | Found a shimmering altar of Xom.
    63 | D        | Upgraded the game from 0.29.1-1-gd02db6906a to
                  | 0.29.1-2-gbd0b4ee654
    79 | D        | Found Anuipn's Magic Scroll Shop.
    79 | D        | Found Uwypamib's Must-Have Magic.
    92 | D        | Reached skill level 5 in Ranged Weapons
    94 | D        | Killed a kobold brigand
    94 | D        | Reached * piety under Wu Jian
    95 | D        | Reached skill level 8 in Ranged Weapons
    95 | D        | Reached skill level 1 in Armour
    95 | D        | Reached XP level 2. HP: 27/27 MP: 1/1
    95 | D        | Reached XP level 3. HP: 33/33 MP: 2/2
    95 | D        | Reached XP level 4. HP: 40/40 MP: 3/3
   143 | D        | Noticed Pikel
   177 | D        | Arena points: 5 (+5) [x1]
   199 | D        | Round 2.
   206 | D        | Bought a book of Displacement for 168 gold pieces
   210 | D        | Learned a level 3 spell: Teleport Other
   223 | D        | Noticed Pargi
   238 | D        | Killed Pargi
   238 | D        | Reached ** piety under Wu Jian
   239 | D        | Reached skill level 5 in Fighting
   239 | D        | Reached skill level 10 in Ranged Weapons
   239 | D        | Reached skill level 1 in Evocations
   239 | D        | Reached XP level 5. HP: 46/48 MP: 4/4
   386 | D        | Arena points: 17 (+12) [x1]
   401 | D        | Round 3.
   422 | D        | Reached skill level 11 in Ranged Weapons
   423 | D        | Noticed Menkaure
   428 | D        | Killed Menkaure
   428 | D        | Reached *** piety under Wu Jian
   429 | D        | Reached skill level 12 in Ranged Weapons
   429 | D        | Reached skill level 1 in Stealth
   429 | D        | Reached XP level 6. HP: 53/57 MP: 5/5
   508 | D        | Reached **** piety under Wu Jian
   508 | D        | Arena points: 59 (+42) [x2]
   543 | D        | Bought a faintly glowing emerald amulet for 45 gold pieces
   543 | D        | Identified the amulet of Rourula {Spirit SInv} (You bought
                  | it in a shop in the Dungeon)
   546 | D        | Round 4.
   581 | D        | Noticed a rime drake
   588 | D        | Killed a rime drake
   589 | D        | Reached skill level 14 in Ranged Weapons
   589 | D        | Reached skill level 5 in Armour
   589 | D        | Reached XP level 7. HP: 53/66 MP: 3/6
   665 | D        | Reached ***** piety under Wu Jian
   675 | D        | Noticed a rime drake
   680 | D        | Killed a rime drake
   681 | D        | Reached skill level 1 in Maces & Flails
   681 | D        | Reached skill level 15 in Ranged Weapons
   681 | D        | Reached skill level 5 in Dodging
   682 | D        | Killed by an exploding ball python simulacrum... ignited by
                  | their inner flame

Illustrated notes

Levels and vault maps discovered:
D:        arena_sprint

Skill      XL: |  1  2  3  4  5  6  7 |
---------------+----------------------+-----
Ranged Weapons | 8 10 12 14 15 | 15.1
Fighting       | 4 5 7 8 |  8.1
Armour         | 1 2 4 5 6 |  6.0
Dodging        | 3 4 5 |  5.1
Evocations     | 1 2 3 |  3.7
Stealth        | 1 |  1.9
Maces & Flails | 1 |  1.0

Action                   |  1- 3 |  4- 6 |  7- 9 || total
-------------------------+-------+-------+-------++-------
Melee: Shortbow          |       |     2 |       ||     2
       Club              |       |       |     8 ||     8
       Headbutt          |       |       |     1 ||     1
       Punch             |       |       |     1 ||     1
 Fire: Shortbow          |    17 |    57 |       ||    74
Invok: Serpent's Lash    |       |     1 |       ||     1
Evoke: Wand              |     3 |     5 |     1 ||     9
  Use: Potion            |     6 |     2 |     1 ||     9
       Scroll            |     3 |     2 |     1 ||     6
Armor: Leather armour    |     1 |     3 |       ||     4
Dodge: Dodged            |    10 |    13 |     5 ||    28
